 Dungeon Crawl Stone Soup version 0.20.1-1-g8b1a95d (webtiles) character file.

1136990 dvd the Archmage (level 27, -10/187 HPs)
             Began as a Deep Elf Fire Elementalist on Sept 27, 2017.
             Was the Champion of Vehumet.
             Killed from afar by an iron giant (69 damage)
             ... with an iron shot
             ... on level 7 of the Iron City of Dis on Oct 1, 2017.
             The game lasted 10:08:16 (97074 turns).

dvd the Archmage (Deep Elf Fire Elementalist)      Turns: 97074, Time: 10:08:17

Health: -10/187    AC: 28    Str: 12 (13) XL:     27
Magic:  37/56      EV: 18    Int: 37 (39) God:    Vehumet [******]
Gold:   6452       SH:  9    Dex: 12 (15) Spells: 3/80 levels left

rFire    + + .     SeeInvis +   b - +9 flail of Embarrassment {crush, Stlth+}
rCold    + + .     Gourm    .   x - +3 warlock's mirror {reflect}
rNeg     + . .     Faith    .   M - +6 ring mail of Duck's Teeth {rPois rC+ Str+5}
rPois    +         Spirit   .   U - +2 hat
rElec    +         Reflect  +   X - scarf {rC+ rF+}
rCorr    +         Harm     .   R - +2 pair of gloves {archery}
MR       ++...                  K - +1 pair of boots of the Sky {rCorr Str+3 Slay-5 Stlth+}
Stlth    +++++.....             F - amulet of Vitality {Regen+ HP+15}
Regen    1.9/turn               z - ring of Grace {rElec rF+ Int+5 SInv Stlth-}
MPRegen  0.4/turn               G - ring of Poapif {rN+ AC+4}

@: regenerating (expiring), slowed, deflect missiles, very slow
A: antennae 1, slimy green scales 1, thin metallic scales 1, wild magic 1,
sturdy frame 1
}: 10/15 runes: decaying, serpentine, slimy, silver, abyssal, demonic, glowing,
magical, fiery, dark
a: Renounce Religion


You were on level 7 of the Iron City of Dis.
You worshipped Vehumet.
Vehumet was exalted by your worship.
You were not hungry.

You visited 13 branches of the dungeon, and saw 61 of its levels.
You visited Pandemonium 2 times, and saw 27 of its levels.
You visited the Abyss 3 times.
You also visited: Trove and Sewer.

You collected 10964 gold pieces.
You spent 4512 gold pieces at shops.

Inventory:

Hand Weapons
 b - the +9 flail of Embarrassment (weapon) {crush, Stlth+}
   (You found it on level 1 of the Elven Halls)

   It inflicts extra damage upon your enemies.
   It makes you more stealthy.
Armour
 d - the +1 faerie dragon scales {rC+ rCorr Int+6 Dex+3}
   (You took it off the Enchantress on level 2 of the Depths)

   It affects your intelligence (+6).
   It affects your dexterity (+3).
   It protects you from cold.
   It protects you from acid and corrosion.
 x - the +3 warlock's mirror (worn) {reflect}
   (You took it off a deep elf mage on level 1 of the Elven Halls)
 K - the +1 pair of boots of the Sky (worn) {rCorr Str+3 Slay-5 Stlth+}
   (You found it in Pandemonium)

   It affects your strength (+3).
   It affects your accuracy and damage with ranged weapons and melee attacks
   (-5).
   It protects you from acid and corrosion.
   It makes you more stealthy.
 L - the +1 helmet "Boyr" {rElec rF+++ Str-2 Slay+4}
   (You found it on level 2 of the Depths)

   It affects your strength (-2).
   It affects your accuracy and damage with ranged weapons and melee attacks
   (+4).
   It renders you almost immune to fire.
   It insulates you from electricity.
 M - the +6 ring mail of Duck's Teeth (worn) {rPois rC+ Str+5}
   (You found it on level 1 of the Vaults)

   It affects your strength (+5).
   It protects you from cold.
   It protects you from poison.
 P - a +2 cloak of magic resistance
 R - a +2 pair of gloves of archery (worn)
 U - a +2 hat (worn)
 X - a scarf of resistance (worn)
Magical Staves
 a - an uncursed staff of conjuration
Jewellery
 n - the ring "Ruost" {-Tele rPois MR+ Slay+2 SInv}
   (You took it off a balrug in Pandemonium)

   [ring of protection from magic]

   It affects your accuracy and damage with ranged weapons and melee attacks
   (+2).
   It protects you from poison.
   It affects your resistance to hostile enchantments.
   It lets you see invisible.
   It prevents most forms of teleportation.
 o - the amulet of the Serpent {RegenMP Str+3 Stlth+}
   (You found it on level 5 of the Vaults)

   [amulet of magic regeneration]

   It increases your magic regeneration.
   It affects your strength (+3).
   It makes you more stealthy.
 v - the amulet of Jeng {MR+ Regen+}
   (You found it on level 3 of the Crypt)

   [amulet of regeneration]

   It affects your resistance to hostile enchantments.
   It increases your rate of regeneration.
 z - the ring of Grace (left hand) {rElec rF+ Int+5 SInv Stlth-}
   (You found it on level 6 of the Lair of Beasts)

   [ring of intelligence]

   It affects your intelligence (+5).
   It protects you from fire.
   It insulates you from electricity.
   It lets you see invisible.
   It makes you less stealthy.
 B - the ring "Ziykarr" {rN++ MR- Int+5 SInv}
   (You found it on level 5 of the Pits of Slime)

   [ring of see invisible]

   It affects your intelligence (+5).
   It greatly protects you from negative energy.
   It affects your resistance to hostile enchantments.
   It lets you see invisible.
 F - the amulet of Vitality (around neck) {Regen+ HP+15}
   (You took it off a greater mummy on level 2 of the Crypt)

   [amulet of regeneration]

   It affects your health (+15).
   It increases your rate of regeneration.
 G - the ring of Poapif (right hand) {rN+ AC+4}
   (You found it on level 2 of the Depths)

   [ring of protection]

   It affects your AC (+4).
   It protects you from negative energy.
 N - the ring of Kunim {rElec rN+ Int+2}
   (You found it on level 3 of the Crypt)

   [ring of positive energy]

   It affects your intelligence (+2).
   It insulates you from electricity.
   It protects you from negative energy.
 S - the amulet of Urolirr {Spirit rPois Str+3 Int-2 Dex+3}
   (You bought it in a shop on level 3 of the Snake Pit)

   [amulet of guardian spirit]

   It causes incoming damage to be split between your health and magic.
   It affects your strength (+3).
   It affects your intelligence (-2).
   It affects your dexterity (+3).
   It protects you from poison.
Wands
 k - a wand of iceblast (14/15)
 E - a wand of digging (15/24)
 J - a wand of lightning (15/15)
 Q - a wand of acid (11/15)
Scrolls
 g - 35 scrolls of remove curse
 l - 17 scrolls of identify
 p - 8 scrolls of blinking
 r - 12 scrolls of magic mapping
 s - 34 scrolls of teleportation
 y - 18 scrolls of recharging
 A - 8 scrolls of fog
 O - 2 scrolls of amnesia
 T - 3 scrolls of summoning
 Y - 3 scrolls of enchant armour
 Z - 10 scrolls of fear
Potions
 e - 9 potions of cancellation
 f - 12 potions of brilliance
 h - 3 potions of mutation
 m - 6 potions of magic
 t - 9 potions of haste
 u - 5 potions of ambrosia
 w - 14 potions of heal wounds
 C - 13 potions of agility
 D - 42 potions of curing
 H - 5 potions of flight
 I - 12 potions of might
 W - 8 potions of resistance
Comestibles
 c - 46 bread rations
 i - 58 fruits
 j - 26 meat rations
 q - 29 royal jellies


   Skills:
 * Level 17.3 Fighting
   Level 2.5 Short Blades
 + Level 6.1(8.3) Maces & Flails
 + Level 11.2(12.2) Staves
 + Level 9.0 Armour
 + Level 14.7 Dodging
 + Level 10.4 Stealth
 + Level 10.0 Shields
 O Level 27 Spellcasting
 O Level 27 Conjurations
 + Level 15.8 Charms
 + Level 8.0 Summonings
 + Level 21.0 Necromancy
 + Level 8.5 Translocations
 O Level 27 Fire Magic
 * Level 20.7 Ice Magic
 * Level 25.1 Air Magic
   Level 3.2 Earth Magic
   Level 3.1 Poison Magic
 + Level 2.1 Evocations


You had 3 spell levels left.
You knew the following spells:

 Your Spells              Type           Power        Failure   Level  Hunger
a - Iskenderun's Battles  Conj/Chrm      ########     1%          5    None
b - Tornado               Air            ########..   1%          9    #......
c - Blink                 Tloc           N/A          1%          2    None
d - Fireball              Conj/Fire      ########..   1%          5    None
f - Bolt of Fire          Conj/Fire      ########..   1%          6    None
g - Force Lance           Conj/Tloc      ########     1%          4    None
h - Regeneration          Chrm/Necr      ########..   1%          3    None
i - Ignition              Fire           ########..   1%          8    None
j - Deflect Missiles      Chrm/Air       ########..   1%          6    None
k - Bolt of Cold          Conj/Ice       ########..   1%          6    None
l - Orb of Destruction    Conj           ########..   1%          7    None
m - Aura of Abjuration    Summ           #######...   1%          5    None
n - Sublimation of Blood  Necr           ########..   1%          2    None
o - Glaciate              Conj/Ice       ########..   1%          9    #......


Dungeon Overview and Level Annotations

Branches:
Dungeon (15/15)            Temple (1/1) D:6            Lair (6/6) D:11
  Swamp (4/4) Lair:3        Snake (4/4) Lair:3        Slime (5/5) Lair:6
    Orc (2/2) D:11            Elf (3/3) Orc:2        Vaults (5/5) D:13
  Crypt (3/3) Vaults:2       Tomb (0/3) Crypt:3      Depths (5/5) D:15
   Hell (1/1)                 Dis (7/7) Hell            Geh (0/7) Hell
    Coc (0/7) Hell            Tar (0/7) Hell            Zot (0/5) Depths:5

Altars:
Ashenzari
Cheibriados
Dithmenos
Elyvilon
Fedhas
Gozag
Hepliaklqana
Kikubaaqudgha
Makhleb
Nemelex Xobeh
Okawaru
Qazlal
Ru
Sif Muna
Trog
Uskayaw
Vehumet
Xom
Yredelemnul
Zin
The Shining One
Jiyva
Lugonu

Shops:
D:5 :   D:7 }![[   D:13 *   D:15 *   Orc:1 !   Orc:2 **:%%!}*   Elf:2 [
Snake:1 ?   Snake:2 [   Snake:3 =}=   Vaults:2 [   Depths:3 }[

Portals:
Hell: Depths:1 Depths:2 Depths:3 Depths:4 Depths:5
Abyss: Depths:2 Depths:3 Depths:4
Pandemonium: Depths:1 Depths:2 Depths:3
Ziggurat: Depths:5

Annotations:
Elf:2 1 runed door


Innate Abilities, Weirdness & Mutations

You have a pair of small antennae on your head.
You are partially covered in slimy green scales. (AC +2)
You are partially covered in thin metallic scales. (AC +2)
Your spells are a little harder to cast, but a little more powerful.
Your movements are slightly less encumbered by armour. (ER -2)


Message History

The fireball engulfs the tormentor.
The tormentor resists.
The tormentor is moderately wounded.
Your skin is crawling a little less now.
The winds around you calm down.
You hear a roar!
You hear a hideous shriek!
The iron giant hits you but does no damage.
The tormentor calls on the powers of darkness!
The iron giant convulses!
Your body is wracked with pain!
* * * LOW HITPOINT WARNING * * *
Unknown command.
Casting: Ignition
Confirm with . or Enter, or press ? or * to list all spells.
Aiming: Bolt of Fire
Press: ? - help, Shift-Dir - straight line, f - tormentor
Aim: a tormentor (moderately wounded)
The bolt of fire hits the tormentor.
The tormentor resists.
The tormentor is severely wounded.
The iron giant casts a spell at you. The iron shot hits you!
You die...

########################****
........................,,,*
................@C......,,,*
..##..##..##............,,,*
##############....2.....,,,*
,,,,,,,,,,,,,###........,,,*
,,,8,8,8,8,8,* ###......,,,*
,,,,,,,,,,,,,*****###...,,,*
,,,,,,,,,,,,,+,,,,,**...,,,*
,,,,,,,,,,,,,+,,,,,*,,..,,,*
,,,,,,,,,,,,,+,,,,,**,,,,,,*


You could see an iron giant and a tormentor.

Vanquished Creatures
  Cerebov (Pan)
  the Royal Jelly (Slime:5)
  Gloorx Vloq (Pan)
  16 pandemonium lords (Pan)
  A seraph (Pan)
  Lom Lobon (Pan)
  Mnoleg (Pan)
  Khufu (Crypt:2)
  Mennas (Pan)
  2 ancient liches
  Sojobo (Vaults:2)
  3 greater mummies (Crypt:2)
  Frederick (Depths:3)
  Bai Suzhen (Crypt:1)
  A curse toe (Crypt:3)
  Geryon (Hell)
  Vashnia (Snake:3)
  The ghost of equalderp2856 the Hoplite, a veteran MiFi (Crypt:3)
  the Enchantress (Depths:2)
  A golden dragon (Depths:4)
  A profane servitor (Abyss:4)
  A pearl dragon (Pan)
  8 bone dragons
  Jory (Crypt:3)
  19 Brimstone Fiends (Pan)
  Jorgrun (Vaults:4)
  14 Tzitzimimeh
  A hellephant (Abyss:1)
  4 iron giants (Dis:7)
  15 Ice Fiends
  16 Hell Sentinels
  7 tentacled monstrosities
  11 liches
  A quicksilver dragon (Abyss:1)
  Asterion (Snake:4)
  8 titans
  A deep elf master archer (Elf:3)
  19 tentacled starspawn
  14 ancient champions
  Agnes (D:15)
  3 eldritch tentacles (Dis:7)
  Kirke (Swamp:3)
  21 acid blobs
  8 sphinxes
  7 shadow dragons
  39 Executioners
  6 tengu reavers
  5 thorn hunters
  Donald (Swamp:3)
  6 storm dragons
  3 revenants
  13 deep elf sorcerers
  23 daevas
  8 nagarajas
  41 balrugs
  15 azure jellies
  6 iron dragons
  8 frost giants
  Aizul (Swamp:4)
  32 cacodemons
  7 fire giants
  22 vault wardens
  A draconian shifter (Depths:5)
  11 deep elf elementalists
  3 orc warlords
  16 corrupters (Pan)
  9 ghouls
  A caustic shrike zombie (Depths:2)
  A draconian stormcaller (Abyss:3)
  17 warmongers (Pan)
  The ghost of Baril the Geomancer, a journeyman GrEE of Vehumet (Elf:1)
  33 angels
  30 very ugly things
  26 ironheart preservers
  5 draconian annihilators
  5 curse skulls
  38 reapers
  3 spriggan defenders (Depths:2)
  27 stone giants
  18 war gargoyles
  13 blood saints (Pan)
  3 entropy weavers
  14 ophanim (Pan)
  22 lorocyprocas (Pan)
  17 apis (Pan)
  14 deep elf annihilators
  7 vampire knights
  A black draconian (Abyss:1)
  9 deep elf demonologists
  2 green draconians (Depths:5)
  16 black suns (Pan)
  A purple draconian (Depths:5)
  A yellow draconian (Depths:2)
  2 red draconians
  2 white draconians
  11 spark wasps
  10 deep elf death magi
  32 blizzard demons
  6 eidola
  17 green deaths
  11 ettins
  5 mummy priests
  A minotaur (Depths:2)
  A crystal guardian (Vaults:3)
  12 jiangshi
  11 death oozes
  15 yaktaur captains
  Snorg (Lair:5)
  11 deep elf high priests
  2 quicksilver dragon zombies
  13 rakshasas
  18 great orbs of eyes
  5 fire dragons
  Erolcha (D:11)
  10 monstrous demonspawn (Pan)
  2 ice dragons (shapeshifter) (Vaults:5)
  32 vault guards
  3 spriggan air magi
  15 naga warriors
  21 centaur warriors
  11 ice dragons
  2 juggernaut simulacra (Pan)
  33 hydras
  2 catoblepae
  6 hell beasts (Pan)
  2 ghost crabs
  Harold (Lair:3)
  5 death knights
  28 ogre magi
  11 anacondas
  2 tengu warriors
  81 two-headed ogres
  25 dancing weapons
  4 hell hogs
  12 deep troll earth magi
  7 deep troll shamans
  An anaconda (shapeshifter) (Elf:3)
  14 alligators
  8 orc high priests
  8 vampire magi
  3 spectral storm dragons (Crypt:1)
  5 iron golems
  18 naga sharpshooters
  70 soul eaters
  14 thrashing horrors
  6 spriggan berserkers
  3 death yaks
  Nergalle (Lair:4)
  31 deep elf knights
  6 shock serpents
  124 sun demons
  2 fire crabs (shapeshifter)
  13 shadow wraiths
  A hell knight (Abyss:3)
  An iron troll (Depths:2)
  38 sixfirhies
  3 salamander mystics
  A fire crab (Lair:6)
  11 unseen horrors
  2 storm dragon skeletons
  15 wretched stars
  11 infernal demonspawn (Pan)
  A golden dragon zombie (Hell)
  51 skeletal warriors
  2 anaconda zombies (Hell)
  2 spatial maelstroms (Abyss:1)
  8 cherubim (Pan)
  A ghost moth zombie (Dis:6)
  13 shadow demons
  7 glowing orange brains
  6 flayed ghosts
  19 gelid demonspawn (Pan)
  27 deep trolls
  2 lindwurms (shapeshifter)
  3 spriggan druids (Swamp:3)
  A kraken simulacrum (Hell)
  19 torturous demonspawn (Pan)
  9 wizards
  10 swamp dragons
  14 deep elf archers
  A golden dragon skeleton (Pan)
  20 ironbrand convokers
  3 naga ritualists
  A wolf spider zombie (D:13)
  A shadow dragon zombie (Vaults:4)
  7 necromancers
  A shambling mangrove (Swamp:2)
  2 harpies
  2 lindwurms (Lair:6)
  14 phantasmal warriors
  An anaconda skeleton (Hell)
  A shadow dragon skeleton (Crypt:3)
  A swamp dragon (shapeshifter) (Abyss:5)
  19 orc knights
  A sphinx zombie (Depths:2)
  2 fire giant zombies
  3 frost giant zombies
  2 oklob plants (Lair:1)
  64 deep elf magi
  2 stone giant zombies
  7 mana vipers
  5 orc sorcerers
  2 spectral fire dragons (Crypt:1)
  An iron dragon zombie (Dis:7)
  A tengu skeleton (Vaults:4)
  15 cyclopes
  7 wolf spiders
  46 ugly things
  7 salamanders
  2 wolf spiders (shapeshifter)
  2 manticores
  A shining eye (shapeshifter) (Depths:4)
  13 shining eyes
  3 spectral ice dragons (Crypt:1)
  9 elephants
  3 fire giant skeletons
  2 apocalypse crabs
  A guardian serpent (shapeshifter) (Vaults:3)
  123 large abominations
  A sphinx skeleton (Depths:2)
  7 ice statues
  A shock serpent zombie (Dis:4)
  4 frost giant skeletons
  A manticore (shapeshifter) (Vaults:5)
  3 stone giant skeletons
  6 centaur zombies
  3 iron dragon skeletons
  18 vault sentinels
  2 elephants (shapeshifter)
  5 guardian serpents
  35 black mambas
  5 worldbinders
  20 rust devils
  A molten gargoyle (Hell)
  A torpor snail (Lair:6)
  3 gargoyles
  A dire elephant zombie (Dis:7)
  4 eyes of devastation
  3 centaur skeletons
  20 naga magi
  106 smoke demons
  5 spectral swamp worms (Depths:3)
  5 yaktaur zombies
  62 orange demons
  20 spiny frogs
  A torpor snail (shapeshifter) (Abyss:2)
  5 rime drakes
  3 kobold demonologists
  An elf zombie (Depths:2)
  12 freezing wraiths
  13 komodo dragons
  67 yaktaurs
  12 efreet
  A black draconian skeleton (Crypt:1)
  14 ice devils
  39 demonic crawlers
  57 red devils
  A death yak skeleton (Crypt:1)
  21 hellions
  40 tormentors
  40 hellwings
  A queen bee (shapeshifter) (Vaults:3)
  A death drake zombie (Crypt:2)
  4 hydra zombies
  A wind drake (shapeshifter) (Vaults:2)
  11 polar bears (Lair:6)
  A sea snake skeleton (Crypt:3)
  12 trolls
  A troll (shapeshifter) (Vaults:5)
  12 ancient zymes
  5 guardian mummies
  24 hornets
  2 meliai (shapeshifter)
  3 meliai (D:15)
  2 spriggan zombies (Hell)
  A jumping spider (Vaults:4)
  2 hornets (shapeshifter)
  137 slime creatures
  A polar bear (shapeshifter) (D:15)
  A slime creature (shapeshifter) (Vaults:5)
  A fire dragon zombie (Hell)
  A moth of wrath zombie (Crypt:3)
  28 blink frogs
  A blink frog (shapeshifter) (Vaults:2)
  3 hydra skeletons
  2 ice dragon zombies
  An alligator zombie (Dis:6)
  5 bog bodies
  3 ettin zombies
  A harpy skeleton (Abyss:2)
  4 tyrant leeches
  A guardian serpent zombie (Crypt:2)
  26 raiju
  A dream sheep (shapeshifter) (Vaults:5)
  A meliai zombie (D:12)
  19 dream sheep (Lair:6)
  16 hippogriffs
  A hippogriff (shapeshifter) (Abyss:5)
  2 air elementals
  A black mamba zombie (Dis:7)
  3 ettin skeletons
  14 spriggans
  31 flying skulls
  4 shadows
  A wyvern (D:13)
  3 vampires
  A spriggan (shapeshifter) (Vaults:4)
  41 starcursed masses
  2 ice dragon skeletons
  10 water elementals
  81 ynoxinuls
  4 redbacks (Vaults:3)
  An ushabti (Crypt:3)
  44 yaks
  A tarantella (Vaults:3)
  A human (D:11)
  A tyrant leech zombie (Crypt:2)
  19 wraiths
  10 fire bats
  7 fire elementals
  A hog (shapeshifter) (Abyss:5)
  A basilisk (Lair:6)
  A black mamba skeleton (Crypt:3)
  74 chaos spawn
  A guardian serpent skeleton (Crypt:3)
  A human (shapeshifter) (Depths:3)
  20 golden eyes
  5 hogs (Swamp:3)
  A steam dragon (D:11)
  42 neqoxecs
  2 hungry ghosts
  A soldier ant (shapeshifter) (Vaults:1)
  24 insubstantial wisps
  Menkaure (D:6)
  A yaktaur simulacrum (Vaults:4)
  A spatial vortex (Abyss:1)
  18 swamp worms
  15 vampire mosquitoes
  9 wargs
  A tengu zombie (Hell)
  39 hell hounds
  2 acid dragons
  67 nagas
  3 hydra simulacra (Hell)
  4 porcupines
  9 water moccasins
  A spiny frog zombie (Hell)
  6 floating eyes
  A floating eye (shapeshifter) (D:15)
  Purgy (Sewer)
  A two-headed ogre skeleton (Crypt:2)
  12 black bears
  5 ice beasts
  21 swamp drakes
  50 orc warriors
  2 spiny frog skeletons
  An alligator simulacrum (Hell)
  7 sky beasts
  An ettin simulacrum (Hell)
  77 ogres
  A snapping turtle zombie (Dis:4)
  12 eyes of draining
  5 necrophages
  22 centaurs
  22 wolves
  2 phantoms
  2 boggarts
  A swamp dragon skeleton (Abyss:1)
  A crocodile (shapeshifter) (Vaults:1)
  A lindwurm skeleton (Crypt:2)
  A manticore skeleton (Pan)
  A snapping turtle skeleton (Pan)
  2 big kobolds
  20 crocodiles
  A salamander zombie (Crypt:3)
  2 elf skeletons
  17 bullfrogs
  2 earth elementals
  A spiny frog simulacrum (Hell)
  2 wyvern skeletons
  A cyclops skeleton (Crypt:2)
  7 scorpions
  A scorpion (shapeshifter) (D:12)
  A snapping turtle simulacrum (Abyss:2)
  A human simulacrum (Vaults:1)
  An elf simulacrum (Vaults:4)
  9 killer bees
  A manticore simulacrum (Abyss:2)
  A swamp dragon simulacrum (Hell)
  5 howler monkeys
  6 electric eels
  22 wights
  15 crimson imps
  6 quasits
  A wyvern simulacrum (D:14)
  5 bullfrog zombies
  3 jellies
  A wolf skeleton (Crypt:2)
  28 orc priests
  3 bullfrog skeletons
  7 hounds
  An iguana (D:10)
  13 iron imps
  A gnoll shaman (D:4)
  Jessica (D:2)
  34 small abominations
  A hell rat (Depths:4)
  29 orc wizards
  11 worker ants
  A killer bee zombie (D:9)
  A hound skeleton (D:9)
  13 mummies
  2 howler monkey zombies
  6 gnolls
  2 howler monkey skeletons
  11 adders
  A steam dragon skeleton (Crypt:2)
  3 shadow imps
  5 white imps
  2 ufetubi
  An ooze (D:4)
  2 adder zombies
  A halfling skeleton (Crypt:1)
  2 worms
  A worm (shapeshifter) (D:14)
  A ball lightning (Pan)
  A barachi skeleton (Crypt:2)
  A barachi zombie (Crypt:3)
  2 dart slugs
  8 leopard geckos
  102 orcs
  A ball python (D:5)
  4 bats
  6 giant cockroaches
  6 goblins
  11 hobgoblins
  10 jackals
  11 kobolds
  6 quokkas
  6 frilled lizards
  A goblin skeleton (Crypt:2)
  A kobold skeleton (Crypt:1)
  3 leopard gecko skeletons
  An orc zombie (Dis:7)
  2 quokka skeletons
  A quokka zombie (D:8)
  10 rats
  15 blocks of ice
  A briar patch (Swamp:3)
  A fire vortex (Elf:3)
  A fungus (Lair:2)
  5 lurking horrors
  6 macabre masses (Abyss:3)
  2 plants
  14 starspawn tentacles
  2 tentacles (Hell)
4776 creatures vanquished.

Vanquished Creatures (others)
  A pandemonium lord (Pan)
  An eldritch tentacle (Pan)
  An Executioner (Pan)
  A stone giant (Depths:1)
  A lorocyproca (Pan)
  A yaktaur captain (Vaults:5)
  A great orb of eyes (Abyss:3)
  A soul eater (Pan)
  A cherub (Pan)
  2 golden eyes (Abyss:3)
  A human (Swamp:3)
  A chaos spawn (Abyss:3)
  8 ball lightnings (Pan)
  2 orcs (Orc:1)
  A quokka (D:14)
  117 blocks of ice
  2 fire vortices
  14 fungi
  A lurking horror (Abyss:3)
  27 plants
  17 starspawn tentacles
  2 tentacles (Hell)
204 creatures vanquished.

Grand Total: 4980 creatures vanquished

Notes
Turn   | Place    | Note
-------+----------+-------------------------------------------
     0 | D:1      | dvd the Deep Elf Fire Elementalist began the quest for the Orb.
     0 | D:1      | Reached XP level 1. HP: 10/10 MP: 6/6
   439 | D:1      | Reached XP level 2. HP: 15/15 MP: 5/8
   519 | D:1      | Learned a level 2 spell: Throw Flame
   910 | D:2      | Reached XP level 3. HP: 19/19 MP: 7/9
   911 | D:2      | Found a sparkling altar of Nemelex Xobeh.
  1153 | D:2      | Noticed Jessica
  1161 | D:2      | Killed Jessica
  1163 | D:2      | Reached XP level 4. HP: 22/24 MP: 2/11
  1715 | D:2      | Found an ancient bone altar of Kikubaaqudgha.
  1716 | D:2      | Found a snail-covered altar of Cheibriados.
  1953 | D:3      | Found an opulent altar of Gozag.
  1962 | D:3      | Noticed a bullfrog
  1969 | D:3      | Killed a bullfrog
  1969 | D:3      | Reached XP level 5. HP: 27/28 MP: 9/14
  1980 | D:3      | Learned a level 4 spell: Sticky Flame
  2057 | D:3      | Found a shattered altar of Ashenzari.
  2102 | D:3      | Found a glowing silver altar of Zin.
  2153 | D:3      | Found an iron altar of Okawaru.
  2331 | D:4      | Reached skill level 5 in Spellcasting
  2443 | D:4      | Reached XP level 6. HP: 32/32 MP: 6/16
  2517 | D:4      | Reached skill level 1 in Short Blades
  2542 | D:4      | Reached skill level 5 in Fire Magic
  2653 | D:4      | Learned a level 5 spell: Fireball
  2902 | D:4      | Found a sparkling altar of Nemelex Xobeh.
  3189 | D:3      | Reached XP level 7. HP: 26/36 MP: 0/18
  3623 | D:3      | Found a glowing golden altar of the Shining One.
  3671 | D:5      | Entered Level 5 of the Dungeon
  4590 | D:5      | Found Qestrebb's Book Boutique.
  5022 | D:6      | Found a glowing drain.
  5026 | Sewer    | Entered a sewer
  5137 | Sewer    | Noticed Purgy
  5144 | Sewer    | Killed Purgy
  5303 | D:6      | Reached XP level 8. HP: 35/42 MP: 8/21
  5457 | D:6      | Reached skill level 1 in Fighting
  5543 | D:6      | Noticed Menkaure
  5547 | D:6      | Killed Menkaure
  5619 | D:6      | Learned a level 4 spell: Iskenderun's Mystic Blast
  5643 | D:6      | Learned a level 2 spell: Poisonous Vapours
  5786 | D:6      | Found a staircase to the Ecumenical Temple.
  5791 | Temple   | Entered the Ecumenical Temple
  5908 | D:6      | Reached skill level 5 in Conjurations
  6130 | D:6      | Reached skill level 1 in Staves
  6180 | D:7      | Found a hazy altar of Hepliaklqana.
  6289 | D:7      | Found Kauzixiz's Antique Armour Shoppe.
  6293 | D:7      | Found Abiserch's Armour Shoppe.
  6313 | D:7      | Bought a shiny helmet for 180 gold pieces
  6419 | D:7      | Reached skill level 1 in Armour
  6515 | D:7      | Noticed a hippogriff
  6522 | D:7      | Killed a hippogriff
  6559 | D:7      | Found Sijam's Gadget Boutique.
  6927 | D:7      | Found Jawo's Distillery.
  6929 | D:7      | Found a deep blue altar of Sif Muna.
  6935 | D:7      | Bought a potion of curing for 45 gold pieces
  7187 | D:8      | Noticed a dagger
  7187 | D:8      | Noticed a hand axe
  7188 | D:8      | Found a hide-covered altar of Uskayaw.
  7342 | D:8      | Reached XP level 9. HP: 47/47 MP: 16/23
  7438 | D:8      | Reached skill level 1 in Air Magic
  7820 | D:8      | Reached skill level 5 in Stealth
  8358 | D:9      | Reached skill level 1 in Poison Magic
  8782 | D:9      | Gained mutation: Your muscles are strong. (Str +2) [potion of mutation]
  8782 | D:9      | Gained mutation: You are partially covered in rugged brown scales. (AC +1, +3% HP) [potion of mutation]
  8782 | D:9      | Gained mutation: You have sharp toenails. [potion of mutation]
  8782 | D:9      | Gained mutation: You evolve. [potion of mutation]
  9101 | D:9      | Found a burning altar of Makhleb.
  9207 | D:9      | Reached skill level 10 in Spellcasting
  9269 | D:9      | Reached skill level 5 in Dodging
  9403 | D:9      | Found a radiant altar of Vehumet.
  9408 | D:9      | Became a worshipper of Vehumet
  9501 | D:10     | Entered Level 10 of the Dungeon
  9503 | D:10     | Reached XP level 10. HP: 44/55 MP: 11/26
  9633 | D:10     | Noticed a two-headed ogre
  9642 | D:10     | Killed a two-headed ogre
  9679 | D:10     | Lost mutation: You evolve. [evolution]
  9773 | D:10     | Noticed a two-headed ogre
  9777 | D:10     | Killed a two-headed ogre
 10069 | D:10     | Learned a level 4 spell: Force Lance
 10272 | D:10     | Noticed an unseen horror
 10286 | D:10     | Killed an unseen horror
 10630 | D:11     | Learned a level 3 spell: Regeneration
 10649 | D:11     | Reached * piety under Vehumet
 10649 | D:11     | Offered knowledge of Sandblast by Vehumet.
 10697 | D:11     | Reached skill level 5 in Staves
 10740 | D:11     | Reached XP level 11. HP: 54/61 MP: 3/28
 10868 | D:11     | Found a staircase to the Lair.
 11032 | D:11     | Reached ** piety under Vehumet
 11033 | D:11     | Offered knowledge of Shock by Vehumet.
 11197 | D:11     | Found a staircase to the Orcish Mines.
 11246 | D:11     | Noticed a white ugly thing
 11255 | D:11     | Killed a white ugly thing
 11264 | D:11     | Noticed a two-headed ogre
 12038 | D:11     | Killed a two-headed ogre
 12147 | D:11     | Noticed an unseen horror
 12151 | D:11     | Killed an unseen horror
 12222 | D:11     | Noticed Erolcha
 12227 | D:11     | Noticed a deep elf mage
 12229 | D:11     | Killed Erolcha
 12229 | D:11     | Offered knowledge of Static Discharge by Vehumet.
 12486 | D:11     | Killed a deep elf mage
 12612 | D:11     | Noticed a six-headed hydra
 12617 | D:11     | Killed a six-headed hydra
 12762 | D:11     | Found a portal to a secret trove of treasure.
 12841 | Lair:1   | Entered Level 1 of the Lair of Beasts
 13602 | Lair:1   | Reached skill level 10 in Fire Magic
 13660 | Lair:1   | Noticed an oklob plant
 14147 | Lair:2   | Noticed a six-headed hydra
 14153 | Lair:2   | Killed a six-headed hydra
 14153 | Lair:2   | Reached skill level 1 in Charms
 14153 | Lair:2   | Reached skill level 1 in Necromancy
 14173 | Lair:2   | Reached XP level 12. HP: 52/65 MP: 13/30
 14194 | Lair:2   | Reached *** piety under Vehumet
 15432 | Lair:3   | Reached skill level 10 in Conjurations
 15435 | Lair:3   | Offered knowledge of Ignite Poison by Vehumet.
 15793 | Lair:3   | Found a staircase to the Snake Pit.
 15840 | Lair:3   | Reached skill level 1 in Translocations
 16275 | Lair:3   | Found a staircase to the Swamp.
 16401 | Lair:3   | Noticed Harold
 16410 | Lair:3   | Killed Harold
 16747 | Lair:4   | Noticed Nergalle
 16755 | Lair:4   | Killed Nergalle
 17189 | Lair:4   | Reached **** piety under Vehumet
 17484 | Lair:5   | Noticed a catoblepas
 17713 | Lair:5   | Offered knowledge of Bolt of Magma by Vehumet.
 17715 | Lair:5   | Noticed a five-headed hydra
 17784 | Lair:5   | Noticed an ice dragon
 17903 | Lair:5   | Killed an ice dragon
 17996 | Lair:5   | Learned a level 5 spell: Bolt of Magma
 18019 | Lair:5   | Learned a level 4 spell: Throw Icicle
 18161 | Lair:5   | Reached XP level 13. HP: 72/72 MP: 18/32
 19033 | Lair:6   | Entered Level 6 of the Lair of Beasts
 19181 | Lair:6   | Noticed Snorg
 19784 | Lair:6   | Found a viscous altar of Jiyva.
 19784 | Lair:6   | Found a staircase to the Slime Pits.
 19941 | Lair:6   | Reached skill level 1 in Earth Magic
 20135 | Lair:6   | Reached ***** piety under Vehumet
 20213 | Lair:6   | Got a translucent leather armour
 20224 | Lair:6   | Identified the +1 leather armour of Leutatt {rC+ Int+6} (You found it on level 6 of the Lair of Beasts)
 20366 | Lair:6   | Offered knowledge of Bolt of Cold by Vehumet.
 20620 | Lair:6   | Learned a level 6 spell: Bolt of Cold
 21059 | Lair:6   | Reached skill level 15 in Spellcasting
 21326 | Lair:6   | Reached skill level 1 in Ice Magic
 21767 | Lair:6   | Reached XP level 14. HP: 78/78 MP: 14/35
 22320 | Lair:5   | Killed Snorg
 22425 | Lair:6   | Offered knowledge of Spellforged Servitor by Vehumet.
 23554 | Lair:6   | Got an ancient glass ring
 23556 | Lair:6   | Identified the ring of Grace {rElec rF+ Int+5 SInv Stlth-} (You found it on level 6 of the Lair of Beasts)
 23563 | Lair:6   | Got a steaming leather armour
 23574 | Lair:6   | Identified the +3 leather armour of Hibbemp {*Corrode rC+ Slay+2} (You found it on level 6 of the Lair of Beasts)
 23838 | Orc:1    | Entered Level 1 of the Orcish Mines
 24284 | Orc:1    | Offered knowledge of Bolt of Draining by Vehumet.
 24294 | Orc:1    | Learned a level 5 spell: Bolt of Draining
 24394 | Orc:1    | Found Rebbeatu's Distillery.
 24407 | Orc:1    | Bought a potion of resistance for 130 gold pieces
 24407 | Orc:1    | Bought a potion of magic for 104 gold pieces
 24407 | Orc:1    | Bought a potion of lignification for 39 gold pieces
 24426 | Orc:1    | Learned a level 3 spell: Ozocubu's Armour
 24626 | Orc:2    | Entered Level 2 of the Orcish Mines
 24626 | Orc:2    | Found Beawas Oseb's Assorted Antiques.
 24638 | Orc:2    | Found a staircase to the Elven Halls.
 24740 | Orc:2    | Found Loulot's General Store.
 24749 | Orc:2    | Bought a scroll of blinking for 105 gold pieces
 24934 | Orc:2    | Found Rouwkoikk's Gadget Boutique.
 24936 | Orc:2    | Found Ucwaus's Assorted Antiques.
 24983 | Orc:2    | Found Suitic's Book Shop.
 25044 | Orc:2    | Found Myerch's Food Shop.
 25044 | Orc:2    | Found Reopaonae's Food Emporium.
 25058 | Orc:2    | Reached XP level 15. HP: 79/83 MP: 25/37
 25148 | Orc:2    | Found Uffusm's Distillery.
 25148 | Orc:2    | Found Niyfrouz's Food Boutique.
 25158 | Orc:2    | Bought a potion of heal wounds for 85 gold pieces
 27002 | D:12     | Reached skill level 5 in Fighting
 27136 | D:12     | Paralysed by a hornet for 3 turns
 27155 | D:12     | Reached ****** piety under Vehumet
 27155 | D:12     | Offered knowledge of Lee's Rapid Deconstruction by Vehumet.
 27748 | D:13     | Found Kiushru's General Store.
 28018 | D:12     | Reached skill level 10 in Staves
 28501 | D:13     | Found a gate to the Vaults.
 28659 | D:13     | Learned a level 5 spell: Aura of Abjuration
 28852 | D:14     | Reached skill level 1 in Summonings
 29011 | D:14     | Gained mutation: Your skin changes colour to match your surroundings (Stealth+). [mutagenic meat]
 29012 | D:14     | Lost mutation: Your muscles are strong. (Str +2) [mutagenic meat]
 29205 | D:14     | Offered knowledge of Iron Shot by Vehumet.
 29274 | D:14     | Found a white marble altar of Elyvilon.
 30020 | D:15     | Entered Level 15 of the Dungeon
 30045 | D:15     | Reached XP level 16. HP: 89/89 MP: 32/40
 30164 | D:15     | Gained mutation: You occasionally shout uncontrollably at your foes. [mutagenic meat]
 30165 | D:15     | Gained mutation: Your natural rate of healing is unusually fast. [mutagenic meat]
 30206 | D:15     | Learned a level 2 spell: Sublimation of Blood
 30362 | D:15     | Found Viquamu's General Store.
 30407 | D:15     | Paralysed by an ogre mage for 6 turns
 30636 | D:15     | Found a staircase to the Depths.
 30826 | D:15     | Got a thick robe
 30827 | D:15     | Identified the +0 robe of Osecrelapn {rC- Str+3 Int+4} (You took it off a centaur on level 15 of the Dungeon)
 30859 | D:15     | Noticed Agnes
 30863 | D:15     | Killed Agnes
 30911 | D:15     | Gained mutation: You are partially covered in slimy green scales. (AC +2) [mutagenic meat]
 30913 | D:15     | Gained mutation: You have razor-sharp toenails. [mutagenic meat]
 31759 | Swamp:1  | Entered Level 1 of the Swamp
 31833 | Lair:3   | Offered knowledge of Poison Arrow by Vehumet.
 32664 | Swamp:1  | Found a hazy altar of Hepliaklqana.
 33506 | Swamp:2  | Reached skill level 15 in Conjurations
 34011 | Swamp:3  | Noticed a thorn hunter
 34015 | Swamp:3  | Killed a thorn hunter
 34024 | Swamp:3  | Noticed a thorn hunter
 34032 | Swamp:3  | Killed a thorn hunter
 34113 | Swamp:3  | Noticed Kirke
 34119 | Swamp:3  | Killed Kirke
 34355 | Swamp:3  | Reached XP level 17. HP: 94/94 MP: 23/42
 34359 | Swamp:3  | Lost mutation: You have razor-sharp toenails. [mutagenic meat]
 34612 | Swamp:3  | Noticed Donald
 34615 | Swamp:3  | Killed Donald
 34835 | Swamp:3  | Reached skill level 5 in Necromancy
 35039 | Swamp:4  | Entered Level 4 of the Swamp
 35039 | Swamp:4  | Noticed Aizul
 35045 | Swamp:4  | Killed Aizul
 35045 | Swamp:4  | Offered knowledge of Bolt of Fire by Vehumet.
 35056 | Swamp:3  | Learned a level 6 spell: Bolt of Fire
 36169 | Swamp:4  | Reached skill level 5 in Charms
 36492 | Swamp:4  | Got a decaying rune of Zot
 36788 | Snake:1  | Entered Level 1 of the Snake Pit
 36976 | Snake:1  | Found Judomp's Magic Scroll Shop.
 37043 | Snake:1  | Found an ancient bone altar of Kikubaaqudgha.
 37052 | Snake:1  | Offered knowledge of Glaciate by Vehumet.
 37052 | Snake:1  | Offered knowledge of Shatter by Vehumet.
 37052 | Snake:1  | Offered knowledge of Ignition by Vehumet.
 37072 | Snake:1  | Learned a level 8 spell: Ignition
 37714 | Snake:2  | Reached XP level 18. HP: 81/99 MP: 31/44
 37908 | Snake:2  | Found Oxicoce's Armour Emporium.
 37913 | Snake:2  | Bought a +2 cloak of magic resistance for 301 gold pieces
 38027 | Snake:2  | Reached skill level 15 in Fire Magic
 38029 | Snake:2  | Reached skill level 5 in Armour
 38578 | Snake:2  | Learned a level 6 spell: Deflect Missiles
 38994 | Snake:3  | Noticed Vashnia
 39001 | Snake:3  | Killed Vashnia
 39095 | Snake:3  | Got a jewelled chain mail
 39096 | Snake:3  | Identified the +1 chain mail of the Armadillo {+Inv rPois MR+ Str-2} (You found it on level 3 of the Snake Pit)
 39133 | Snake:3  | Found Siceqofep's Jewellery Boutique.
 39133 | Snake:3  | Found Huasuur's Gadget Emporium.
 39134 | Snake:3  | Found Exidatol's Jewellery Boutique.
 39143 | Snake:3  | Bought the amulet of Urolirr {Spirit rPois Str+3 Int-2 Dex+3} for 545 gold pieces
 39539 | Snake:4  | Entered Level 4 of the Snake Pit
 39539 | Snake:4  | Noticed Asterion
 39608 | Snake:4  | Killed Asterion
 39758 | Snake:4  | Reached skill level 5 in Air Magic
 40508 | Snake:4  | Got a serpentine rune of Zot
 40971 | Elf:1    | Entered Level 1 of the Elven Halls
 40977 | Elf:1    | Reached XP level 19. HP: 105/105 MP: 31/47
 41716 | Elf:1    | Noticed Baril's ghost (journeyman GrEE)
 41731 | Elf:1    | Killed Baril's ghost
 41872 | Elf:2    | Found Bucifruh's Antique Armour Shop.
 41880 | Elf:2    | Bought a pair of spiked boots for 342 gold pieces
 41890 | Elf:2    | Identified the +2 pair of boots of Jewone {-Tele rF- rC+ Str+7} (You bought it in a shop on level 2 of the Elven Halls)
 41900 | Elf:2    | Bought an ancient cloak for 342 gold pieces
 41910 | Elf:2    | Identified the cursed +0 cloak "Icze" {Int+2} (You bought it in a shop on level 2 of the Elven Halls)
 42066 | Elf:2    | Reached skill level 1 in Shields
 42147 | Elf:2    | Found a runed door.
 42196 | Elf:2    | Found a runed door.
 43034 | Elf:3    | Entered Level 3 of the Elven Halls
 43526 | Elf:3    | Reached XP level 20. HP: 94/111 MP: 49/49
 43721 | Elf:3    | Identified the +7 plate armour "Qipiahul" {+Inv MR+ Slay+3} (You found it on level 3 of the Elven Halls)
 43814 | Elf:3    | Identified the cursed +0 ring mail of Niniappa {*Contam rElec Regen+} (You found it on level 3 of the Elven Halls)
 43816 | Elf:3    | Identified the +5 chain mail of Sif Muna's Favour {rC+} (You found it on level 3 of the Elven Halls)
 44341 | Slime:1  | Entered Level 1 of the Pits of Slime
 45532 | Slime:3  | Gained mutation: You expend magic power (3 MP) to strengthen your wands. [a shining eye]
 45744 | Slime:5  | Entered Level 5 of the Pits of Slime
 45817 | Slime:5  | Gained mutation: You are occasionally teleported next to monsters. [a shining eye]
 45820 | Slime:5  | Noticed the Royal Jelly
 45824 | Slime:5  | Killed the Royal Jelly
 45824 | Slime:5  | Reached XP level 21. HP: 120/120 MP: 19/51
 45859 | Slime:4  | Lost mutation: You occasionally shout uncontrollably at your foes. [potion of mutation]
 45859 | Slime:4  | Lost mutation: You expend magic power (3 MP) to strengthen your wands. [potion of mutation]
 45859 | Slime:4  | Lost mutation: You are occasionally teleported next to monsters. [potion of mutation]
 45859 | Slime:4  | Gained mutation: Scrolls take you a little longer to read. [potion of mutation]
 45859 | Slime:4  | Gained mutation: You have an increased reservoir of magic. (+10% MP) [potion of mutation]
 46052 | Slime:5  | Reached skill level 10 in Necromancy
 46199 | Slime:5  | Got a transparent lapis lazuli ring
 46201 | Slime:5  | Identified the ring "Ziykarr" {rN++ MR- Int+5 SInv} (You found it on level 5 of the Pits of Slime)
 46241 | Slime:5  | Got a slimy rune of Zot
 46282 | Slime:5  | Identified the +4 ring mail "Wefrib" {rF+ Int+2 Slay+3} (You found it on level 5 of the Pits of Slime)
 46330 | Slime:5  | Identified the +6 scale mail "Joos" {rElec Stlth+} (You found it on level 5 of the Pits of Slime)
 46333 | Slime:5  | Identified the +9 plate armour "Hytid" {rF+ rC+ Dex+3} (You found it on level 5 of the Pits of Slime)
 46342 | Slime:5  | Got a fine quarterstaff
 46345 | Slime:5  | Identified the +4 quarterstaff of Parts Unknown {speed, rPois Dex+4} (You found it on level 5 of the Pits of Slime)
 46347 | Slime:5  | Got a warped quarterstaff
 46350 | Slime:5  | Identified the +4 quarterstaff "Akytutou" {crush, Dex+5} (You found it on level 5 of the Pits of Slime)
 46899 | Vaults:1 | Entered Level 1 of the Vaults
 47159 | Vaults:1 | Identified the +6 ring mail of Duck's Teeth {rPois rC+ Str+5} (You found it on level 1 of the Vaults)
 47413 | Vaults:1 | Reached skill level 10 in Air Magic
 48145 | Vaults:1 | Found a basalt altar of Yredelemnul.
 48148 | Vaults:1 | Reached skill level 10 in Fighting
 48417 | Vaults:2 | Found Huisood's Antique Armour Emporium.
 48425 | Vaults:2 | Bought a pair of runed gloves for 225 gold pieces
 48519 | Vaults:2 | Noticed Sojobo
 48531 | Vaults:2 | Killed Sojobo
 48622 | Vaults:2 | Reached XP level 22. HP: 131/131 MP: 58/58
 48955 | Vaults:2 | Found a staircase to the Crypt.
 51066 | Vaults:3 | Reached XP level 23. HP: 138/141 MP: 36/60
 51580 | Vaults:3 | Identified the cursed +1 war axe of Moderation {chop, rPois rC+ Str+4} (You found it on level 3 of the Vaults)
 52207 | Vaults:4 | Noticed Jorgrun
 52214 | Vaults:4 | Killed Jorgrun
 52550 | Vaults:5 | Entered Level 5 of the Vaults
 52709 | Vaults:5 | Reached skill level 10 in Dodging
 52813 | Vaults:5 | Got an ebony rapier {elec}
 52814 | Vaults:5 | Identified the +6 rapier "Fish" {elec, rF+ Dex+2} (You took it off an ironbrand convoker on level 5 of the Vaults)
 52835 | Vaults:5 | Reached skill level 5 in Summonings
 52883 | Vaults:5 | Noticed an ancient lich
 52892 | Vaults:5 | Killed an ancient lich
 52892 | Vaults:5 | Reached XP level 24. HP: 116/149 MP: 23/61
 52894 | Vaults:5 | Reached skill level 27 in Spellcasting
 53516 | Vaults:5 | Got a warped sapphire amulet
 53520 | Vaults:5 | Identified the amulet of the Serpent {RegenMP Str+3 Stlth+} (You found it on level 5 of the Vaults)
 53616 | Vaults:5 | Reached skill level 5 in Shields
 53687 | Vaults:5 | Learned a level 9 spell: Tornado
 53707 | Vaults:5 | Got a pair of spiked gloves
 53718 | Vaults:5 | Identified the cursed +0 pair of gloves "Gesmid" {*Contam rC+++ rN++ Str-5} (You found it on level 5 of the Vaults)
 53726 | Vaults:5 | Learned a level 7 spell: Ring of Flames
 53852 | Vaults:5 | Got a silver rune of Zot
 53875 | Vaults:5 | Identified the +1 leather armour "Forget-Me-Not" {-Cast rElec Dex+4} (You took it off a deep elf high priest on level 5 of the Vaults)
 54406 | Depths:1 | Entered Level 1 of the Depths
 54490 | Depths:1 | Reached skill level 10 in Charms
 54679 | Depths:1 | Found a gateway to Hell.
 54698 | Hell     | Entered the Vestibule of Hell
 54698 | Hell     | Noticed Geryon
 54820 | Depths:1 | Found an ancient bone altar of Kikubaaqudgha.
 54853 | Depths:1 | Identified the +5 plate armour "Sele" {MR- Int+3 Stlth+} (You found it on level 1 of the Depths)
 54885 | Hell     | Killed Geryon
 55178 | D:11     | You paid a toll of the horn of Geryon to enter a treasure trove
 55179 | Trove    | Entered a treasure trove
 55200 | Trove    | Got a warped plate armour
 55207 | Trove    | Got a smoking scarf
 55218 | Trove    | Got a heavily runed helmet
 55239 | Trove    | Identified the scarf of the Butterfly {*Drain rElec Dex+4 Stlth+} (You found it in a treasure trove)
 55240 | Trove    | Got an ancient robe
 55246 | Trove    | Got a pair of ichor-stained boots
 55257 | Trove    | Identified the +1 helmet of Uloej {Stlth+} (You found it in a treasure trove)
 55267 | Trove    | Identified the +0 pair of boots of the Ego {rF- rC+ MR+} (You found it in a treasure trove)
 55305 | Trove    | Identified the +13 plate armour "Duoroew" {Int+5} (You found it in a treasure trove)
 55325 | Trove    | Identified the +2 robe of Melancholy {MR++} (You found it in a treasure trove)
 55643 | Depths:1 | Found a one-way gate leading to the halls of Pandemonium.
 55920 | Depths:2 | Reached XP level 25. HP: 129/154 MP: 52/61
 56089 | Depths:2 | Noticed the Enchantress
 56091 | Depths:2 | Killed the Enchantress
 56095 | Depths:2 | Got faerie dragon scales
 56098 | Depths:2 | Identified the +1 faerie dragon scales {rC+ rCorr Int+6 Dex+3} (You took it off the Enchantress on level 2 of the Depths)
 56781 | Depths:3 | Found Anokhoas's Antique Armour Emporium.
 56788 | Depths:3 | Found Feraf's Gadget Shoppe.
 56956 | Depths:3 | Reached skill level 5 in Ice Magic
 57173 | Depths:3 | Found a corrupted altar of Lugonu.
 57173 | Depths:3 | Found a one-way gate to the infinite horrors of the Abyss.
 57230 | Depths:3 | Noticed Frederick
 57241 | Depths:3 | Killed Frederick
 57538 | Depths:3 | Paralysed by a sphinx for 3 turns
 57613 | Depths:3 | Got a bound platinum amulet
 57616 | Depths:3 | Identified the amulet of Roefop {Regen+ Dex+3} (You found it on level 3 of the Depths)
 57626 | Depths:3 | Identified the Volume of Lucky Beguiling
 57659 | Depths:3 | Identified the +2 robe "Gameuguep" {rF+ Dex-5 Slay+3} (You found it on level 3 of the Depths)
 57892 | Depths:2 | Reached skill level 15 in Air Magic
 57925 | Depths:2 | Identified the +3 buckler "Okunea Qanest" {rN+ Dex+3 Slay+2 SInv} (You took it off an orc sorcerer on level 2 of the Depths)
 58118 | Depths:2 | Got a twitching iron ring
 58120 | Depths:2 | Identified the ring of Poapif {rN+ AC+4} (You found it on level 2 of the Depths)
 58495 | Depths:2 | Got a twisted helmet
 58506 | Depths:2 | Identified the +1 helmet "Boyr" {rElec rF+++ Str-2 Slay+4} (You found it on level 2 of the Depths)
 58534 | Depths:2 | Identified Fin Irae's Disquisition on Poison and the Mountains
 58610 | Depths:2 | Voluntarily entered the Abyss.
 58774 | Abyss:2  | Found a corrupted altar of Lugonu.
 58895 | Abyss:2  | Reached XP level 26. HP: 157/160 MP: 22/61
 59606 | Abyss:3  | Identified the cursed +1 robe of Pride {*Slow +Fly rC+ rN+} (You found it on level 3 of the Abyss)
 59853 | Abyss:5  | Entered Level 5 of the Abyss
 59942 | Abyss:5  | Found a corrupted altar of Lugonu.
 60101 | Abyss:5  | Reached skill level 1 in Evocations
 60125 | Depths:2 | Escaped the Abyss
 60230 | Depths:2 | Voluntarily entered the Abyss.
 60255 | Abyss:1  | Reached skill level 5 in Translocations
 60307 | Depths:2 | Escaped the Abyss
 60396 | Depths:2 | Voluntarily entered the Abyss.
 61551 | Abyss:3  | Reached XP level 27. HP: 164/164 MP: 55/61
 61659 | Abyss:3  | Found a shimmering altar of Xom.
 61995 | Abyss:3  | Gained mutation: Armour fits poorly on your strangely shaped body. [a cacodemon]
 62030 | Abyss:3  | Got an abyssal rune of Zot
 62543 | Depths:2 | Escaped the Abyss
 62569 | Depths:2 | Lost mutation: You are partially covered in rugged brown scales. (AC +1, +3% HP) [potion of mutation]
 62569 | Depths:2 | Lost mutation: Scrolls take you a little longer to read. [potion of mutation]
 62569 | Depths:2 | Lost mutation: You have sharp toenails. [potion of mutation]
 62569 | Depths:2 | Lost mutation: Armour fits poorly on your strangely shaped body. [potion of mutation]
 62569 | Depths:2 | Gained mutation: Your spells are a little harder to cast, but a little more powerful. [potion of mutation]
 62569 | Depths:2 | Lost mutation: Your spells are a little harder to cast, but a little more powerful. [potion of mutation]
 62569 | Depths:2 | Gained mutation: You are robust. (+10% HP) [potion of mutation]
 62618 | Depths:2 | Learned a level 9 spell: Glaciate
 63053 | Depths:4 | Got a fine long sword
 63054 | Depths:4 | Identified the cursed +1 long sword of the World {freeze, rPois} (You found it on level 4 of the Depths)
 63281 | Depths:4 | Found a runed gate.
 63282 | Depths:4 | Found a runed gate.
 63288 | Depths:4 | Found a runed gate.
 63629 | Depths:4 | Identified the -1 buckler of Amorality {Dex+6} (You found it on level 4 of the Depths)
 63673 | Depths:5 | Entered Level 5 of the Depths
 63850 | Depths:5 | Found a gateway to a ziggurat.
 63911 | Depths:5 | Identified a scroll of acquirement
 64298 | Depths:5 | Found a gate to the Realm of Zot.
 64833 | Pan      | Entered Pandemonium
 64833 | Pan      | Noticed Edaps the pandemonium lord
 65083 | Pan      | Killed Edaps the pandemonium lord
 65301 | Pan      | Found an exit through the horrors of the Abyss.
 65543 | Depths:3 | Escaped Pandemonium
 65789 | Orc:2    | Bought a book of Power for 540 gold pieces
 66012 | Snake:1  | Bought a scroll of amnesia for 49 gold pieces
 66021 | Snake:1  | Learned a level 7 spell: Orb of Destruction
 66488 | Elf:1    | Got a blackened flail
 66489 | Elf:1    | Identified the +9 flail of Embarrassment {crush, Stlth+} (You found it on level 1 of the Elven Halls)
 66510 | Elf:1    | Got ancient fire dragon scales
 66511 | Elf:1    | Identified the +3 fire dragon scales of Gufypsog {rF++ rC- Int+3} (You found it on level 1 of the Elven Halls)
 66860 | Slime:5  | Got a smoking flail
 66861 | Slime:5  | Identified the cursed +1 flail of Xipteg {freeze, rPois rC- rN+ MR+} (You found it on level 5 of the Pits of Slime)
 67207 | Pan      | Entered Pandemonium
 67273 | Pan      | Noticed Sylan the pandemonium lord
 67277 | Pan      | Killed Sylan the pandemonium lord
 67402 | Pan      | Reached skill level 15 in Necromancy
 67780 | Pan      | Found an exit through the horrors of the Abyss.
 68215 | Pan      | Noticed Gepniac the pandemonium lord
 68217 | Pan      | Reached skill level 10 in Ice Magic
 68228 | Pan      | Lost mutation: You are robust. (+10% HP) [a cacodemon]
 68597 | Pan      | Killed Gepniac the pandemonium lord
 68648 | Pan      | Found an exit through the horrors of the Abyss.
 69006 | Pan      | Entered the realm of Lom Lobon.
 69116 | Pan      | Noticed Lom Lobon
 69139 | Pan      | Killed Lom Lobon
 69196 | Pan      | Got a magical rune of Zot
 69593 | Pan      | Noticed Mennas
 69601 | Pan      | Killed Mennas
 69701 | Pan      | Found an exit through the horrors of the Abyss.
 69800 | Pan      | Found an exit through the horrors of the Abyss.
 70051 | Pan      | Reached skill level 1 in Maces & Flails
 70308 | Pan      | Noticed Houged the pandemonium lord
 70686 | Pan      | Found an exit through the horrors of the Abyss.
 70690 | Pan      | Noticed Yfran the pandemonium lord
 70703 | Pan      | Killed Yfran the pandemonium lord
 70829 | Pan      | Found an exit through the horrors of the Abyss.
 70853 | Pan      | Lost mutation: You have an increased reservoir of magic. (+10% MP) [the power of Zot]
 70853 | Pan      | Gained mutation: You occasionally shout uncontrollably at your foes. [the power of Zot]
 70987 | Pan      | Noticed Somniob the pandemonium lord
 70991 | Pan      | Killed Somniob the pandemonium lord
 71059 | Pan      | Got a demonic rune of Zot
 71062 | Pan      | Got a pair of smoking boots
 71073 | Pan      | Identified the +1 pair of boots of the Sky {rCorr Str+3 Slay-5 Stlth+} (You found it in Pandemonium)
 71850 | Pan      | Learned a level 5 spell: Iskenderun's Battlesphere
 72264 | Pan      | Found an exit through the horrors of the Abyss.
 72500 | Pan      | Noticed Hucsishi the pandemonium lord
 72507 | Pan      | Killed Hucsishi the pandemonium lord
 73305 | Pan      | Found an exit through the horrors of the Abyss.
 74066 | Pan      | Reached skill level 27 in Fire Magic
 74117 | Pan      | Noticed Leegete the pandemonium lord
 74126 | Pan      | Killed Leegete the pandemonium lord
 74954 | Pan      | Found an exit through the horrors of the Abyss.
 74969 | Pan      | Got a pitted spear
 74970 | Pan      | Identified the +9 spear of the Final Chapter {flame, *Corrode rElec rPois Int-5} (You found it in Pandemonium)
 75138 | Pan      | Noticed Udoewnoz the pandemonium lord
 75143 | Pan      | Killed Udoewnoz the pandemonium lord
 76261 | Pan      | Noticed Tac Zinu the pandemonium lord
 76303 | Pan      | Killed Tac Zinu the pandemonium lord
 76553 | Pan      | Found an exit through the horrors of the Abyss.
 77161 | Pan      | Found an exit through the horrors of the Abyss.
 77411 | Pan      | Noticed Pawneenn the pandemonium lord
 77414 | Pan      | Killed Pawneenn the pandemonium lord
 77782 | Pan      | Reached skill level 15 in Ice Magic
 77861 | Pan      | Noticed Voomp the pandemonium lord
 77874 | Pan      | Killed Voomp the pandemonium lord
 78129 | Pan      | Found an exit through the horrors of the Abyss.
 78534 | Pan      | Noticed Juxu the pandemonium lord
 78562 | Pan      | Killed Juxu the pandemonium lord
 78732 | Pan      | Found an exit through the horrors of the Abyss.
 79396 | Pan      | Gained mutation: You are occasionally teleported next to monsters. [a cacodemon]
 79531 | Pan      | Found an exit through the horrors of the Abyss.
 79799 | Pan      | Noticed Intarezi the pandemonium lord
 79806 | Pan      | Killed Intarezi the pandemonium lord
 80212 | Pan      | Found an exit through the horrors of the Abyss.
 80213 | Pan      | Lost mutation: You are occasionally teleported next to monsters. [potion of mutation]
 80213 | Pan      | Lost mutation: Your skin changes colour to match your surroundings (Stealth+). [potion of mutation]
 80213 | Pan      | Gained mutation: Your movements are slightly less encumbered by armour. (ER -2) [potion of mutation]
 80213 | Pan      | Gained mutation: You are partially covered in molten scales. (AC +2) [potion of mutation]
 80213 | Pan      | Gained mutation: You have a pair of small horns on your head. [potion of mutation]
 81331 | Pan      | Got a steaming hand crossbow
 81332 | Pan      | Identified the +5 hand crossbow of Context {venom, rN++ Int-4 SInv} (You found it in Pandemonium)
 81458 | Pan      | Noticed Heblom the pandemonium lord
 81858 | Pan      | Noticed Oneim the pandemonium lord
 82042 | Pan      | Noticed Cutos the pandemonium lord
 82050 | Pan      | Killed Cutos the pandemonium lord
 82213 | Pan      | Found an exit through the horrors of the Abyss.
 82613 | Pan      | Found a glowing silver altar of Zin.
 82691 | Pan      | Identified the +7 large shield of the Camelopard {rCorr} (You took it off a daeva in Pandemonium)
 83259 | Pan      | Identified the +1 leather armour of Death Resistance {Int+2 Dex+4 SInv} (You took it off an angel in Pandemonium)
 84131 | Pan      | Noticed a seraph
 84134 | Pan      | Killed a seraph
 84202 | Pan      | Found a glowing golden altar of the Shining One.
 84233 | Pan      | Identified the scarf of Laogeol {rF+ SInv} (You found it in Pandemonium)
 84243 | Pan      | Identified the Tome of the Frostbite and Necromancy
 84285 | Pan      | Identified the +10 chain mail of Imperfection {rElec Int+4 Dex+4} (You took it off a daeva in Pandemonium)
 84523 | Pan      | Identified the -2 large shield "Cigreos" {rC- Str+7 Int+2} (You took it off a daeva in Pandemonium)
 84591 | Pan      | Entered the realm of Gloorx Vloq.
 84737 | Pan      | Reached skill level 15 in Fighting
 85292 | Pan      | Noticed Gloorx Vloq
 85310 | Pan      | Killed Gloorx Vloq
 85347 | Pan      | Got a dark rune of Zot
 85483 | Pan      | Found an exit through the horrors of the Abyss.
 85967 | Pan      | Entered the realm of Mnoleg.
 85975 | Pan      | Noticed Mnoleg
 85981 | Pan      | Gained mutation: You are clumsy. (Dex -2) [a cacodemon]
 85986 | Pan      | Gained mutation: You are frail. (-10% HP) [a neqoxec]
 85987 | Pan      | Killed Mnoleg
 85988 | Pan      | Gained mutation: Armour fits poorly on your strangely shaped body. [a neqoxec]
 86005 | Pan      | Lost mutation: You have a pair of small horns on your head. [potion of mutation]
 86005 | Pan      | Lost mutation: You occasionally shout uncontrollably at your foes. [potion of mutation]
 86005 | Pan      | Lost mutation: You are partially covered in molten scales. (AC +2) [potion of mutation]
 86005 | Pan      | Lost mutation: Armour fits poorly on your strangely shaped body. [potion of mutation]
 86005 | Pan      | Lost mutation: You are clumsy. (Dex -2) [potion of mutation]
 86005 | Pan      | Gained mutation: You are clumsy. (Dex -2) [potion of mutation]
 86005 | Pan      | Gained mutation: Your mind is acute. (Int +2) [potion of mutation]
 86014 | Pan      | Gained mutation: You are weak. (Str -2) [a cacodemon]
 86038 | Pan      | Got a glowing rune of Zot
 86238 | Pan      | Learned a level 2 spell: Blink
 86302 | Pan      | Found an exit through the horrors of the Abyss.
 86966 | Pan      | Found an exit through the horrors of the Abyss.
 86995 | Pan      | Noticed Giyc the pandemonium lord
 87001 | Pan      | Killed Giyc the pandemonium lord
 87513 | Pan      | Gained mutation: Your magical capacity is low. (-10% MP) [a cacodemon]
 87721 | Pan      | Lost mutation: You are frail. (-10% HP) [potion of mutation]
 87721 | Pan      | Lost mutation: You are weak. (Str -2) [potion of mutation]
 87721 | Pan      | Gained mutation: Potions are less effective at restoring your health. [potion of mutation]
 87721 | Pan      | Gained mutation: Your body sometimes deteriorates upon taking damage. [potion of mutation]
 87721 | Pan      | Gained mutation: You heal very quickly. [potion of mutation]
 87905 | Pan      | Reached skill level 10 in Stealth
 87906 | Pan      | Noticed Laylucw the pandemonium lord
 87925 | Pan      | Killed Laylucw the pandemonium lord
 88143 | Pan      | Found an exit through the horrors of the Abyss.
 88225 | Pan      | Noticed Hikam the pandemonium lord
 88238 | Pan      | Killed Hikam the pandemonium lord
 88413 | Pan      | Entered the realm of Cerebov.
 88444 | Pan      | Lost mutation: You are clumsy. (Dex -2) [potion of mutation]
 88444 | Pan      | Lost mutation: Your mind is acute. (Int +2) [potion of mutation]
 88444 | Pan      | Lost mutation: Your magical capacity is low. (-10% MP) [potion of mutation]
 88444 | Pan      | Lost mutation: Your body sometimes deteriorates upon taking damage. [potion of mutation]
 88444 | Pan      | Gained mutation: You are clumsy. (Dex -2) [potion of mutation]
 88444 | Pan      | Gained mutation: You occasionally shout uncontrollably at your foes. [potion of mutation]
 88444 | Pan      | Gained mutation: You have a pair of small horns on your head. [potion of mutation]
 89108 | Pan      | Found an exit through the horrors of the Abyss.
 89580 | Pan      | Identified the +1 leather armour of the Wary Beds {Slay+2} (You found it in Pandemonium)
 89602 | Pan      | Got a steaming broad axe {venom}
 89603 | Pan      | Identified the ring "Ruost" {-Tele rPois MR+ Slay+2 SInv} (You took it off a balrug in Pandemonium)
 89604 | Pan      | Identified the +9 broad axe of the Blowfly {venom, MR- Str+4 Int+3} (You took it off a balrug in Pandemonium)
 89686 | Pan      | Identified the +1 morningstar of Massacring {crush, rElec rF- rC+ MP-9 Str+3} (You took it off a balrug in Pandemonium)
 89724 | Pan      | Noticed Cerebov
 89854 | Pan      | Got a heavily runed marble ring
 89937 | Pan      | Killed Cerebov
 89941 | Pan      | Got a fiery rune of Zot
 90009 | Pan      | Identified the ring of the Yeti {*Corrode *Slow rElec rF+ Str+4 SInv} (You took it off a balrug in Pandemonium)
 90011 | Pan      | Identified the +8 plate armour of Jixaz {*Drain Str+8 Int+5} (You found it in Pandemonium)
 90120 | Depths:1 | Escaped Pandemonium
 90288 | Orc:1    | Bought a potion of mutation for 104 gold pieces
 90288 | Orc:1    | Bought a potion of haste for 130 gold pieces
 90288 | Orc:1    | Bought a potion of haste for 130 gold pieces
 90288 | Orc:1    | Bought a potion of curing for 39 gold pieces
 90312 | Orc:2    | Bought a potion of resistance for 170 gold pieces
 90312 | Orc:2    | Bought a potion of curing for 51 gold pieces
 90312 | Orc:2    | Bought a potion of mutation for 136 gold pieces
 90498 | D:7      | Bought a potion of magic for 120 gold pieces
 90498 | D:7      | Bought a potion of mutation for 120 gold pieces
 90498 | D:7      | Bought a potion of mutation for 120 gold pieces
 90498 | D:7      | Bought a potion of curing for 45 gold pieces
 90498 | D:7      | Bought a potion of magic for 120 gold pieces
 90498 | D:7      | Bought a potion of magic for 120 gold pieces
 90498 | D:7      | Bought a potion of heal wounds for 75 gold pieces
 90498 | D:7      | Lost mutation: You heal very quickly. [potion of mutation]
 90498 | D:7      | Lost mutation: You are clumsy. (Dex -2) [potion of mutation]
 90498 | D:7      | Lost mutation: Your natural rate of healing is unusually fast. [potion of mutation]
 90498 | D:7      | Lost mutation: You occasionally shout uncontrollably at your foes. [potion of mutation]
 90498 | D:7      | Lost mutation: You have a pair of small horns on your head. [potion of mutation]
 90498 | D:7      | Lost mutation: Potions are less effective at restoring your health. [potion of mutation]
 90498 | D:7      | Gained mutation: Your spells are a little harder to cast, but a little more powerful. [potion of mutation]
 90498 | D:7      | Gained mutation: You are partially covered in thin metallic scales. (AC +2) [potion of mutation]
 90498 | D:7      | Gained mutation: You have a pair of small antennae on your head. [potion of mutation]
 90823 | Vaults:1 | Reached skill level 15 in Charms
 91807 | Crypt:1  | Entered Level 1 of the Crypt
 91984 | Crypt:1  | Noticed Bai Suzhen
 91997 | Crypt:1  | Killed Bai Suzhen
 92003 | Crypt:1  | Reached skill level 27 in Conjurations
 92291 | Crypt:1  | Found a basalt altar of Yredelemnul.
 93149 | Crypt:2  | Noticed a greater mummy
 93156 | Crypt:2  | Killed a greater mummy
 93288 | Crypt:2  | Noticed Khufu
 93290 | Crypt:2  | Noticed a greater mummy
 93295 | Crypt:2  | Killed Khufu
 93295 | Crypt:2  | Killed a greater mummy
 93421 | Crypt:2  | Noticed a greater mummy
 93434 | Crypt:2  | Killed a greater mummy
 93670 | Crypt:3  | Entered Level 3 of the Crypt
 93732 | Crypt:3  | Reached skill level 5 in Maces & Flails
 93979 | Crypt:3  | Noticed equalderp2856's ghost (veteran MiFi)
 93987 | Crypt:3  | Killed equalderp2856's ghost
 94098 | Crypt:3  | Noticed Jory
 94102 | Crypt:3  | Killed Jory
 94210 | Crypt:3  | Identified the cursed +0 scale mail of Lifelessness {*Drain rN+ MP+9} (You found it on level 3 of the Crypt)
 94271 | Crypt:3  | Found an ancient bone altar of Kikubaaqudgha.
 94272 | Crypt:3  | Noticed an ancient lich
 94275 | Crypt:3  | Found a basalt altar of Yredelemnul.
 94277 | Crypt:3  | Killed an ancient lich
 94377 | Crypt:3  | Got a brightly glowing silver amulet
 94378 | Crypt:3  | Identified the amulet of Jeng {MR+ Regen+} (You found it on level 3 of the Crypt)
 94388 | Crypt:3  | Got a brightly glowing bronze ring
 94389 | Crypt:3  | Identified the ring of Kunim {rElec rN+ Int+2} (You found it on level 3 of the Crypt)
 94583 | Crypt:3  | Found a staircase to the Tomb.
 95090 | Hell     | Found a gateway to the decaying netherworld of Tartarus.
 95153 | Hell     | Found a gateway to the Iron City of Dis.
 95221 | Hell     | Found a gateway to the freezing wastes of Cocytus.
 95447 | Hell     | Found a gateway to the ashen valley of Gehenna.
 95534 | Dis:1    | Entered Level 1 of the Iron City of Dis
 96026 | Dis:7    | Entered Level 7 of the Iron City of Dis
 96268 | Dis:7    | Reached skill level 10 in Shields
 97074 | Dis:7    | Killed from afar by an iron giant

Skill      XL: |  1  2  3  4  5  6  7  8  9 10 11 12 13 14 15 16 17 18 19 20 21 22 23 24 25 26 27 |
---------------+----------------------------------------------------------------------------------+-----
Fire Magic     | 4 5 6 7 8 10 11 12 13 14 15 16 17 18 19 21 22 23 27 | 27.0
Spellcasting   | 4 5 6 7 8 10 11 12 13 15 16 18 19 20 22 23 24 25 26 27 | 27.0
Conjurations   | 2 4 5 6 8 9 11 12 13 14 15 16 17 18 19 20 27 | 27.0
Stealth        | 3 4 5 6 7 8 10 | 10.4
Short Blades   | 1 2 |  2.5
Dodging        | 3 4 5 6 7 8 9 10 11 14 | 14.7
Fighting       | 1 2 3 4 5 8 10 12 13 17 | 17.3
Staves         | 1 3 5 6 7 9 10 11 | 11.2
Armour         | 1 3 4 5 6 9 |  9.0
Air Magic      | 1 2 5 7 9 10 11 12 14 15 16 25 | 25.1
Poison Magic   | 1 2 3 |  3.1
Charms         | 1 2 3 6 7 8 9 10 11 15 | 15.8
Necromancy     | 1 2 4 6 8 9 10 11 12 14 21 | 21.0
Translocations | 1 2 3 4 5 8 |  8.5
Earth Magic    | 1 2 3 |  3.2
Ice Magic      | 1 2 3 4 5 6 20 | 20.7
Summonings     | 2 4 5 8 |  8.0
Shields        | 3 4 5 10 | 10.0
Evocations     | 1 2 |  2.1
Maces & Flails | 6 |  6.1

Action                   |  1- 3 |  4- 6 |  7- 9 | 10-12 | 13-15 | 16-18 | 19-21 | 22-24 | 25-27 || total
-------------------------+-------+-------+-------+-------+-------+-------+-------+-------+-------++-------
Melee: Dagger            |     1 |     3 |     1 |       |       |       |       |       |       ||     5
       Short sword       |       |       |   140 |       |       |       |       |       |       ||   140
       Staff             |       |       |    35 |       |       |    19 |    57 |   105 |   291 ||   507
       Quarterstaff      |       |       |    60 |   221 |   533 |   203 |       |       |       ||  1017
       Lajatang          |       |       |       |       |     1 |       |       |       |       ||     1
       Flail             |       |       |       |       |       |       |       |       |   299 ||   299
       Headbutt          |       |       |       |       |       |       |       |       |    14 ||    14
 Cast: Flame Tongue      |    45 |    70 |    71 |    51 |    78 |    25 |     1 |     8 |     2 ||   351
       Throw Flame       |     4 |    31 |   102 |    54 |    15 |     6 |     1 |       |       ||   213
       Sticky Flame      |       |     3 |    27 |    60 |    69 |    68 |    11 |    19 |    36 ||   293
       Iskenderun's Myst |       |       |     9 |    12 |    32 |    30 |    36 |     9 |    48 ||   176
       Poisonous Vapours |       |       |     8 |    14 |    18 |       |       |       |       ||    40
       Fireball          |       |       |     3 |   106 |   202 |   345 |    92 |    21 |    62 ||   831
       Force Lance       |       |       |       |    20 |    56 |    22 |    35 |    19 |   206 ||   358
       Regeneration      |       |       |       |     6 |    24 |    55 |    32 |    30 |   258 ||   405
       Bolt of Magma     |       |       |       |     2 |    48 |     9 |       |       |       ||    59
       Bolt of Cold      |       |       |       |       |    28 |    23 |    11 |    16 |   302 ||   380
       Throw Icicle      |       |       |       |       |     5 |       |       |       |       ||     5
       Ozocubu's Armour  |       |       |       |       |    14 |     2 |     1 |       |       ||    17
       Bolt of Draining  |       |       |       |       |     9 |    26 |       |       |       ||    35
       Aura of Abjuratio |       |       |       |       |     1 |     1 |     7 |     5 |    37 ||    51
       Sublimation of Bl |       |       |       |       |       |   142 |    93 |    53 |   478 ||   766
       Bolt of Fire      |       |       |       |       |       |    69 |   148 |   249 |  1406 ||  1872
       Ignition          |       |       |       |       |       |    25 |    82 |   103 |   383 ||   593
       Deflect Missiles  |       |       |       |       |       |     2 |       |     1 |     9 ||    12
       Ring of Flames    |       |       |       |       |       |       |       |     7 |     3 ||    10
       Tornado           |       |       |       |       |       |       |       |     2 |   115 ||   117
       Glaciate          |       |       |       |       |       |       |       |       |   131 ||   131
       Orb of Destructio |       |       |       |       |       |       |       |       |   109 ||   109
       Blink             |       |       |       |       |       |       |       |       |     5 ||     5
       Iskenderun's Batt |       |       |       |       |       |       |       |       |     5 ||     5
Evoke: Wand              |       |       |       |       |     2 |     1 |       |     1 |    31 ||    35
  Use: Scroll            |       |     1 |    16 |     2 |    11 |    10 |    19 |     9 |    69 ||   137
       Potion            |       |       |    13 |       |     3 |     2 |     2 |     4 |    36 ||    60
 Stab: Sleeping          |     1 |     1 |     4 |     2 |     2 |       |     3 |       |     3 ||    16
       Distracted        |       |       |     1 |       |     1 |       |       |       |     1 ||     3
  Eat: Chunk             |     1 |     6 |    20 |    32 |    40 |    34 |    15 |    21 |    40 ||   209
       Royal jelly       |       |       |       |     1 |       |     2 |       |       |    11 ||    14
       Meat ration       |       |       |       |       |       |     2 |     2 |     1 |    15 ||    20
       Fruit             |       |       |       |       |       |     1 |       |       |    12 ||    13
       Bread ration      |       |       |       |       |       |       |       |       |     2 ||     2
Armor: Robe              |     6 |     1 |    43 |       |       |       |       |       |       ||    50
       Troll leather arm |       |       |    34 |    18 |    22 |       |       |       |       ||    74
       Leather armour    |       |       |    11 |    65 |   158 |    38 |    11 |       |       ||   283
       Swamp dragon scal |       |       |       |       |       |    48 |       |       |       ||    48
       Ring mail         |       |       |       |       |       |       |    12 |    87 |    81 ||   180
       Acid dragon scale |       |       |       |       |       |       |       |       |   536 ||   536
Dodge: Dodged            |     6 |    24 |   221 |   325 |   678 |   260 |    58 |   135 |  1221 ||  2928
       Deflected         |       |       |       |       |       |    20 |    36 |    33 |   138 ||   227
Block: Other             |       |       |       |       |    44 |       |       |       |       ||    44
       Reflection        |       |       |       |       |     1 |       |     8 |    38 |   121 ||   168
       Buckler           |       |       |       |       |       |       |    31 |    96 |   809 ||   936
